Map: Arid Plateau

Players

meowmeowcute - Winner!

  • Race: Protoss Protoss
  • Spawn Location: 5:00

A.I. 1 (Medium)

  • Race: Protoss Protoss
  • Spawn Location: 11:00

VOD

Have the link to the VOD?

Description

Time

  • Played on: June 23, 2018, 2:56 p.m.
  • Length: 25:37
Show
View Real Time Build Order
Export as new Build Order

meowmeowcute Protoss - Winner!

Build Orders:  

Get SALT Encoding   

  12  0:16  Probe  
  12  0:18  Pylon  
  13  0:29  Assimilator, Probe  
  14  0:41  Probe  
  15  0:50  Probe  
  15  0:53  Gateway  
  16  0:58  Probe  
  17  1:07  Probe  
  18  1:14  Assimilator  
  18  1:18  Probe  
  19  1:26  Probe  
  20  1:34  Probe  
  21  1:46  Probe  
  22  1:52  Cybernetics Core  
  22  1:57  Pylon  
  22  1:58  Probe  
  23  2:08  Pylon  
  23  2:15  Zealot, Probe  
  26  2:25  Forge  
  26  2:27  Probe  
  27  2:33  Warp Gate  
  27  2:40  Probe  
  27  2:42  Zealot  
  29  3:02  Protoss Ground Weapons Level 1  
  29  3:09  Zealot  
  29  3:12  Gateway  
  31  3:29  Stargate  
  31  3:36  Zealot  
  33  3:41  Shield Battery  
  33  3:52  Probe  
  33  3:54  Sentry, Robotics Facility  
  33  4:00  Probe  
  34  4:03  Stalker  
  39  4:14  Photon Cannon  
  39  4:24  Pylon  
  39  4:42  Stalker, Probe  
  42  4:54  Probe  
  43  5:00  Protoss Ground Armor Level 1  
  43  5:04  Nexus  
  43  5:06  Assimilator, Probe  
  44  5:11  Assimilator, Stalker  
  46  5:16  Probe  
  47  5:34  Probe  
  47  5:40  Pylon  
  42  5:46  Pylon, Probe  
  37  5:58  Probe  
  40  6:10  Probe, Zealot  
  41  6:29  Sentry  
  41  6:38  Stalker  
  37  6:55  Zealot  
  39  7:06  Oracle  
  42  7:12  Protoss Shields Level 1  
  42  7:15  Zealot  
  44  7:18  Zealot  
  46  7:39  Sentry  
  46  7:41  Stalker  
  46  7:43  Oracle  
  53  7:54  Probe  
  54  8:06  Probe  
  54  8:08  Gateway  
  54  8:11  Gateway, Zealot  
  57  8:12  Gateway  
  57  8:14  Sentry  
  57  8:18  Probe  
  60  8:20  Nexus  
  60  8:21  Oracle  
  63  8:38  Pylon  
  63  8:56  Probe  
  63  8:58  Oracle  
  67  9:08  Probe  
  68  9:16  Protoss Air Weapons Level 1  
  68  9:20  Fleet Beacon  
  68  9:23  Zealot  
  70  10:05  Adept  
  72  10:07  Pylon  
  72  10:10  Zealot  
  72  10:11  Adept  
  72  10:13  Adept  
  65  10:34  Oracle  
  62  11:11  Oracle  
  62  11:12  Stargate  
  62  11:17  Zealot  
  67  11:20  Zealot  
  67  11:23  Zealot  
  71  11:35  Nexus  
  71  11:44  Oracle  
  74  11:55  Oracle  
  77  12:15  Phoenix  
  79  12:30  Adept  
  79  12:32  Oracle  
  79  12:33  Protoss Air Armor Level 1  
  85  12:37  Observer  
  85  12:40  Phoenix  
  87  12:52  Pylon  
  87  12:55  Pylon, Probe  
  87  12:58  Immortal  
  91  13:00  Assimilator  
  91  13:03  Probe  
  91  13:04  Assimilator, Probe  
  93  13:10  Zealot  
  96  13:13  Probe  
  96  13:14  Zealot  
  96  13:15  Zealot  
  96  13:16  Zealot  
  96  13:17  Zealot  
  105  13:25  Probe  
  106  13:27  Probe, Mothership  
  107  13:35  Probe  
  114  13:45  Probe  
  107  13:54  Probe  
  104  14:02  Probe  
  105  14:11  Probe  
  106  14:23  Probe  
  107  14:25  Carrier  
  113  14:33  Immortal  
  113  14:35  Probe  
  113  14:37  Stalker  
  120  14:47  Probe  
  121  14:59  Probe  
  122  15:11  Pylon  
  122  15:14  Pylon  
  122  15:26  Photon Cannon  
  122  15:29  Immortal, Photon Cannon  
  122  15:31  Shield Battery  
  122  15:35  Nexus  
  126  15:39  Assimilator  
  126  15:43  Carrier  
  126  15:44  Assimilator  
  132  15:51  Carrier  
  138  16:43  Protoss Air Armor Level 2  
  138  16:51  Stalker  
  138  16:52  Stalker  
  138  16:53  Stalker  
  144  16:54  Stalker  
  144  16:55  Stalker  
  144  16:58  Immortal  
  146  17:34  Carrier  
  152  17:38  Immortal  
  156  17:44  Pylon  
  156  17:49  Pylon  
  156  17:56  Robotics Facility  
  156  18:01  Carrier  
  162  18:06  Stalker  
  162  18:09  Stalker  
  162  18:11  Stalker  
  168  18:12  Stalker  
  168  18:14  Stalker  
  172  18:46  Pylon  
  172  18:48  Pylon  
  172  19:00  Probe  
  172  19:02  Pylon  
  172  19:03  Pylon, Carrier  
  172  19:05  Pylon  
  172  19:07  Immortal  
  172  19:08  Probe  
  183  19:12  Protoss Air Armor Level 3  
  184  19:18  Probe  
  185  19:27  Carrier  
  185  19:30  Probe  
  192  19:38  Probe  
  193  19:46  Immortal  
  193  19:47  Probe  
  198  19:54  Photon Cannon  
  198  19:56  Probe  
  198  19:58  Photon Cannon  
  198  19:59  Photon Cannon  
  199  20:02  Photon Cannon  
  199  20:08  Probe  
  191  20:29  Tempest  
  192  21:11  Zealot  
  192  21:12  Zealot x2  
  192  21:13  Zealot  
  197  21:49  Protoss Air Weapons Level 2  
  167  23:10  Stalker  
  167  23:11  Stalker x2  
  167  23:12  Stalker  
  172  23:13  Stalker  
  163  24:22  Stalker x2  
  163  24:23  Stalker  
  169  24:24  Stalker  
  169  24:27  Immortal  
  191  25:26  Stalker  
  191  25:27  Stalker  
  191  25:28  Stalker  
  197  25:29  Stalker  
Show
View Real Time Build Order
Export as new Build Order

A.I. 1 (Medium) Protoss 

Build Orders:  

Get SALT Encoding   

  12  0:00  Probe  
  13  0:13  Probe  
  14  0:21  Pylon  
  14  0:25  Probe  
  15  0:35  Probe  
  16  0:43  Probe  
  16  0:47  Assimilator  
  16  0:49  Gateway  
  17  0:52  Probe  
  18  0:59  Pylon  
  18  1:26  Gateway  
  18  1:32  Assimilator  
  18  1:41  Cybernetics Core  
  18  1:42  Zealot  
  20  2:02  Pylon  
  20  2:03  Zealot  
  22  2:19  Adept, Warp Gate  
  24  2:30  Adept  
  26  2:43  Probe  
  27  2:46  Adept  
  27  2:50  Stalker  
  29  2:56  Pylon, Probe  
  32  3:08  Probe  
  33  3:13  Adept  
  33  3:17  Adept  
  33  3:18  Forge  
  35  3:20  Probe  
  38  3:32  Probe  
  39  3:44  Probe  
  40  5:05  Stalker, Probe  
  40  5:06  Pylon  
  43  5:07  Photon Cannon  
  43  5:09  Photon Cannon  
  43  5:11  Robotics Facility  
  43  5:16  Stargate  
  43  5:18  Sentry  
  43  5:19  Twilight Council  
  45  5:24  Probe  
  45  5:27  Gateway  
  46  5:31  Pylon  
  46  5:32  Stalker  
  48  5:41  Forge  
  46  5:46  Stalker  
  48  5:59  Stalker, Observer  
  51  6:13  Sentry, Observer  
  54  6:27  Stalker  
  54  6:29  Nexus  
  52  6:45  Zealot  
  48  6:58  Zealot  
  46  7:12  Adept  
  48  7:18  Observer  
  48  7:26  Adept  
  49  7:42  Probe x2  
  50  7:50  Probe  
  50  7:51  Assimilator  
  51  7:52  Pylon  
  51  7:54  Pylon, Probe  
  53  8:00  Probe  
  54  8:06  Probe  
  54  8:11  Probe  
  56  8:15  Photon Cannon  
  56  8:17  Photon Cannon  
  56  8:18  Probe  
  57  8:20  Probe  
  58  8:28  Probe  
  58  8:30  Probe  
  60  8:36  Probe  
  61  8:42  Probe  
  61  8:44  Probe  
  63  8:54  Probe x2  
  65  9:06  Probe x2  
  67  9:17  Assimilator  
  67  9:31  Protoss Ground Weapons Level 1  
  67  9:33  Immortal  
  67  9:40  Probe, Protoss Ground Armor Level 1  
  67  9:42  Gateway  
  67  9:43  Probe  
  67  9:44  Stalker x2  
  67  9:45  Robotics Bay  
  73  9:46  Robotics Facility  
  73  9:50  Zealot, Stargate  
  75  9:55  Pylon  
  75  10:00  Templar Archives  
  75  10:03  Warp Prism  
  75  10:04  Dark Shrine  
  77  10:17  Fleet Beacon  
  77  10:24  Observer Gravitic Boosters  
  77  10:28  Stalker  
  69  10:32  Warp Prism  
  59  10:38  Sentry  
  59  10:40  Observer  
  62  10:48  Zealot  
  64  10:58  Stalker  
  66  11:08  Stalker  
  68  11:12  Gravitic Drive  
  68  11:18  Zealot  
  70  11:20  Nexus  
  70  11:28  Adept  
  72  11:38  Immortal  
  76  12:28  Probe  
  76  12:31  Probe  
  76  12:36  Probe  
  78  12:37  Probe  
  78  12:39  Probe  
  81  12:46  Assimilator, Probe x2  
  81  12:48  Pylon  
  81  12:49  Pylon  
  81  12:50  Assimilator  
  81  12:51  Probe  
  84  12:58  Probe  
  85  13:08  Protoss Ground Weapons Level 2  
  85  13:11  Void Ray  
  85  13:12  Photon Cannon  
  85  13:15  Photon Cannon  
  85  13:21  Protoss Ground Armor Level 2  
  85  13:22  Protoss Air Weapons Level 1  
  85  13:26  Zealot  
  91  13:31  Zealot  
  93  13:36  Stalker  
  93  13:41  Stalker  
  97  13:46  Stalker  
  97  13:47  Void Ray  
  89  13:51  Sentry  
  85  14:01  Zealot  
  83  14:06  Stalker  
  85  14:11  Zealot  
  85  14:16  Zealot  
  89  14:21  Stalker  
  89  14:23  Blink  
  91  14:29  Stalker  
  93  14:34  Sentry  
  95  14:39  Adept  
  97  15:14  Protoss Shields Level 1, Protoss Air Armor Level 1  
  97  15:16  Protoss Ground Weapons Level 3  
  97  16:10  Nexus  
  97  16:32  Protoss Ground Armor Level 3  
  97  16:37  Disruptor  
  97  16:41  Disruptor  
  100  16:53  Tempest  
  109  17:00  Protoss Air Weapons Level 2  
  109  17:06  Sentry  
  105  17:11  Sentry  
  89  17:16  Protoss Shields Level 2  
  89  17:17  Stalker  
  79  17:23  Stalker  
  79  17:29  Stalker  
  83  17:34  Stalker  
  85  17:38  Assimilator  
  85  17:39  Pylon  
  85  17:40  Adept, Pylon  
  85  17:42  Assimilator  
  87  17:46  Zealot  
  89  17:51  Zealot  
  89  17:57  Void Ray  
  95  18:03  Zealot, Photon Cannon  
  97  18:05  Photon Cannon  
  97  18:55  Protoss Air Armor Level 2  
  97  19:07  Protoss Shields Level 3  
  97  20:04  Adept  
  99  20:12  Immortal  
  103  20:19  Phoenix  
  103  20:27  Adept  
  91  20:35  Adept  
  73  20:43  Adept  
  75  20:51  Immortal  
  75  20:58  Void Ray  
  75  20:59  Photon Cannon  
  75  21:00  Photon Cannon  
  75  21:02  Void Ray, Probe  
  75  21:03  Immortal  
  69  21:06  Pylon  
  69  21:07  Pylon  
  69  21:08  Pylon, Probe  
  66  21:11  Probe  
  66  21:14  Probe  
  66  21:15  Photon Cannon  
  68  21:20  Probe  
  68  21:21  Zealot  
  68  21:23  Probe  
  72  21:26  Probe  
  72  21:30  Immortal  
  72  21:32  Probe  
  74  21:35  Probe  
  74  21:38  Nexus  
  74  21:39  Probe  
  69  21:41  Void Ray, Pylon  
  69  21:44  Pylon  
  69  21:45  Void Ray  
  69  21:46  Immortal  
  70  21:47  Probe  
  70  21:49  Pylon  
  70  21:51  Probe  
  70  21:52  Assimilator  
  73  21:57  Photon Cannon  
  73  21:58  Adept, Probe  
  75  22:03  Probe  
  75  22:04  Nexus  
  75  22:05  Stalker  
  75  22:06  Probe  
  72  22:10  Photon Cannon  
  72  22:12  Zealot  
  72  22:15  Probe x2  
  62  22:20  Warp Prism  
  62  22:23  Void Ray  
  62  22:26  Probe  
  62  22:27  Zealot, Probe  
  64  22:34  Assimilator  
  68  22:37  Probe  
  68  22:39  Probe  
  68  22:42  Pylon  
  74  22:45  Probe  
  74  22:48  Stalker, Templar Archives  
  73  22:51  Probe  
  73  22:56  Zealot  
  73  22:57  Probe  
  63  23:02  Void Ray  
  63  23:03  Probe  
  63  23:05  Probe  
  63  23:10  Zealot  
  58  23:13  Probe  
  58  23:15  Probe  
  58  23:17  Zealot  
  58  23:19  Nexus  
  62  23:24  Pylon  
  58  23:27  Probe  
  58  23:29  Probe  
  58  23:32  Zealot  
  61  23:36  Nexus  
  61  23:39  Zealot  
  61  23:40  Probe  
  58  23:41  Assimilator  
  58  23:47  Stalker  
  58  23:48  Pylon  
  58  23:54  Zealot  
  54  23:57  Probe  
  54  24:00  Robotics Facility  
  54  24:01  Gateway  
  54  24:02  Nexus  
  47  24:04  Templar Archives  
  47  24:09  Adept  
  46  24:35  Warp Prism  
  44  24:55  Nexus  
  41  25:00  Zealot  
  40  25:16  Cybernetics Core  
  40  25:19  Probe  
  40  25:20  Zealot  
  42  25:22  Probe  
  28  25:28  Nexus  
  28  25:30  Gateway  
  28  25:32  Photon Cannon  
  28  25:34  Zealot  
Tags
 
Matchup
PvP
Spawn Locations
Cross Positions
Add a new tag
Caveats
  • Supply blocks, unpowered buildings, or Contaminate may cause inaccurate times.
  • Supply counts are checked every 10 seconds.